 Dungeon Crawl Stone Soup version 0.27-a0-1200-g94dc6ad4cf (console) character file.

Game seed: 8870385281054385384

686 Hector the Magician (level 7, -2/50 HPs)
             Began as a Djinni Fire Elementalist on May 31, 2021.
             Slain by a mummy (13 damage)
             ... in an ossuary.
             The game lasted 00:14:55 (6120 turns).

Hector the Magician (Djinni Fire Elementalist)      Turns: 6120, Time: 00:14:56

Health: -2/50      AC:  3    Str:  7    XL:     7   Next: 94%
Gold:   157        EV: 12    Int: 19    God:
                   SH:  0    Dex: 13

rFire    + + .     SeeInvis .   b - staff of conjuration
rCold    x . .     Faith    .   (no shield)
rNeg     + . .     Spirit   .   l - +0 robe
rPois    ∞         Reflect  .   (no helmet)
rElec    .         Harm     .   (no cloak)
rCorr    .         Rampage  .   g - +0 pair of gloves
Will     .....                  (boots unavailable)
Stlth    ++........             (no amulet)
HPRegen  0.16/turn              k - ring of positive energy
MPRegen  0.00/turn              (no ring)

@: flying
A: sickness immunity, fire resistance 2, cold vulnerability 1, float, innate
caster, hp casting, extra vitality 1
a: no special abilities


You were in an ossuary.
You visited 1 branch of the dungeon, and saw 5 of its levels.
You also visited: Ossuary.

You collected 157 gold pieces.

Inventory:

Hand Weapons
 a - a +2 dagger of protection
 o - a +0 dagger
 r - a +1 vorpal hunting sling
 u - a +4 falchion
 w - a +0 vampiric short sword
Missiles
 h - 37 poisoned darts
 q - 129 stones
 v - 8 boomerangs
Armour
 g - a +0 pair of gloves (worn)
 i - a +2 kite shield
 l - a +0 robe (worn)
 t - a +3 ring mail of poison resistance
 x - a +1 ring mail of cold resistance
Magical Staves
 b - a staff of conjuration (weapon)
Jewellery
 k - a ring of positive energy (left hand)
Wands
 C - a wand of flame (12)
 D - a wand of iceblast (7)
Scrolls
 c - 2 scrolls of teleportation {unknown}
 f - 9 scrolls of identify {unknown}
 j - a scroll of holy word {unknown}
 y - a scroll of acquirement {unknown}
Potions
 d - 3 potions of degeneration {unknown}
 e - a potion of ambrosia {unknown}
 m - 2 potions of haste {unknown}
 n - 2 potions of cancellation {unknown}
 p - a potion of curing
 s - 2 potions of lignification {unknown}
 z - a potion of heal wounds {unknown}
 A - 2 potions of mutation {unknown}
 B - a potion of attraction {unknown}
 E - a potion of brilliance {unknown}


   Skills:
 * Level 3.2 Fighting
 * Level 2.6 Armour
 + Level 2.9 Dodging
 - Level 1.5 Stealth
 + Level 5.4 Spellcasting


You couldn't memorise any spells.
You knew the following spells:

 Your Spells              Type           Power      Damage    Failure   Level
a - Foxfire               Conj/Fire      100%       2x1d9     1%          1
b - Fireball              Conj/Fire      19%        3d9       34%         5
c - Inner Flame           Hex/Fire       25%        N/A       3%          3
e - Conjure Flame         Conj/Fire      38%        6-21      3%          3
f - Freeze                Ice            100%       1d11      1%          1
g - Spider Form           Tmut/Pois      12%        N/A       3%          3
p - Poisonous Vapours     Pois/Air       50%        N/A       1%          2
s - Sticky Flame          Conj/Fire      38%        2d6       13%         4
Your spell library was empty.

Dungeon Overview and Level Annotations

Branches:
Dungeon (5/15)            Ossuary (1/1)
 Temple: D:4-7

Altars:
Elyvilon
Makhleb
Sif Muna
Trog
Wu Jian
The Shining One

Annotations:
D:3 1 runed translucent door, Crazy Yiuf


Innate Abilities, Weirdness & Mutations

You are immune to sickness and miasma.
You are immune to poison.
Your flesh is very heat resistant. (rF++)
You are vulnerable to cold. (rC-)
You float through the air rather than walking.
You learn spells naturally, not from books.
Your magical power is your life essence.
You have superior vitality. (+4 HP)


Message History

The adder zombie bites you but does no damage.
The foxfire hits the human zombie!
The human zombie is moderately damaged.
The foxfire hits the human zombie.
The human zombie is moderately damaged.
The adder zombie barely misses you. The human zombie closely misses you.
The adder zombie barely misses you.
Casting: Foxfire (safe; 1% risk of failure)
Confirm with . or Enter, or press ? or * to list all spells.
You feel a surge of power!
You conjure some foxfire!
* * * LOW HITPOINT WARNING * * *
The adder zombie barely misses you.
The foxfire hits the human zombie.
The human zombie is heavily damaged.
The foxfire hits the human zombie!
The human zombie is heavily damaged.
The adder zombie closely misses you. The adder zombie closely misses you.
Casting: Foxfire (safe; 1% risk of failure)
Confirm with . or Enter, or press ? or * to list all spells.
You feel a surge of power!
You conjure some foxfire!
* * * LOW HITPOINT WARNING * * *
The adder zombie bites you but does no damage.
The foxfire hits the adder zombie.
The adder zombie is almost destroyed.
The foxfire hits the human zombie!
The human zombie is severely damaged.
The adder zombie barely misses you. The adder zombie misses you.
The adder zombie barely misses you.
A human zombie comes into view.
The human zombie hits you.
* * * LOW HITPOINT WARNING * * *
The adder zombie bites you.
* * * LOW HITPOINT WARNING * * *
A mummy comes into view.
The adder zombie closely misses you.
The adder zombie bites you but does no damage.
The mummy hits you!
You die...

.................#
.................#
.....8..8........#
......Z..Z.......#
######..######Z..#
# #^^# #...# #
#.^# #..Z# # #..#
#...# # .... #..@#
# ....# #.M.# #
....# #...# #
.....# #...# #
#...# # #...# #
#...# # #...#
##############M..#


You could see a mummy, an adder zombie and a human zombie.

Vanquished Creatures
  Menkaure (D:4)
  2 phantoms (D:4)
  A wyvern zombie (D:4)
  A centaur zombie (Ossuary)
  A hound (D:2)
  A bullfrog skeleton (D:5)
  A jelly (D:4)
  2 orc priests (D:3)
  4 adders
  An adder skeleton (D:4)
  2 dart slugs
  9 orcs (D:3)
  7 ball pythons
  6 endoplasms
  3 giant cockroaches (D:1)
  9 goblins
  6 hobgoblins
  15 jackals
  7 kobolds
  6 quokkas
  7 bats
  2 frilled lizards
  8 hobgoblin zombies (Ossuary)
  A jackal zombie (Ossuary)
  8 kobold zombies (Ossuary)
  7 orc zombies (Ossuary)
  10 rats
128 creatures vanquished.

Vanquished Creatures (others)
  412 foxfires
412 creatures vanquished.

Grand Total: 540 creatures vanquished

Notes
Turn   | Place    | Note
-------+----------+-------------------------------------------
     0 | D:1      | Hector the Djinni Fire Elementalist began the quest for the
                  | Orb.
     0 | D:1      | Reached XP level 1. HP: 15/15 MP: 0/0
   242 | D:1      | Reached XP level 2. HP: 17/22 MP: 0/0
   718 | D:1      | Reached skill level 3 in Spellcasting
   770 | D:1      | Reached XP level 3. HP: 24/26 MP: 0/0
   770 | D:1      | Learned a level 1 spell: Freeze
   775 | D:1      | Reached skill level 1 in Fighting
  2026 | D:2      | Reached XP level 4. HP: 25/32 MP: 0/0
  2512 | D:2      | Reached XP level 5. HP: 33/38 MP: 0/0
  2512 | D:2      | Learned a level 2 spell: Poisonous Vapours
  3223 | D:3      | Found a bloodstained altar of Trog.
  3471 | D:3      | Reached skill level 4 in Spellcasting
  3492 | D:3      | Found a white marble altar of Elyvilon.
  3694 | D:3      | Reached XP level 6. HP: 5/43 MP: 0/0
  4095 | D:3      | Found a faded altar of an unknown god.
  4122 | D:3      | Found a runed translucent door.
  4123 | D:3      | Noticed Crazy Yiuf
  4758 | D:4      | Reached skill level 1 in Armour
  5008 | D:4      | Reached XP level 7. HP: 49/49 MP: 0/0
  5008 | D:4      | Learned a level 3 spell: Spider Form
  5160 | D:4      | Reached skill level 5 in Spellcasting
  5305 | D:4      | Noticed Menkaure
  5320 | D:4      | Killed Menkaure
  5427 | D:4      | Found a glowing golden altar of the Shining One.
  5430 | D:4      | Found an ornate altar of the Wu Jian Council.
  5434 | D:4      | Found a burning altar of Makhleb.
  5637 | D:5      | Entered Level 5 of the Dungeon
  5739 | D:5      | Found a sand-covered staircase.
  5745 | Ossuary  | Entered an ossuary
  6120 | Ossuary  | Slain by a mummy

Illustrated notes

Levels and vault maps discovered:
D:1:      tarquinn_simple_flora_water_e, layout_basic
D:2:      layout_basic, basic_altar, minmay_puff
D:3:      layout_basic, elyvilon_altar_5, lightli_temple_of_fire,
          shapermc_ecumenical_altar_mp_vishouse, grunt_ministairs_5,
          minmay_misc_feat_five, chequers_hall_statues_corner_a,
          uniq_crazy_yiuf_cottage
D:4:      kennysheep_the_goblin_king, layout_rooms,
          grunt_temple_overflow_diamond, hangedman_glass_teeth, uniq_menkaure
D:5:      lemuel_ratsnest, layout_cave_pods, minmay_temple_entry_antechambers,
          nicolae_ossuary_entry_plus
Ossuary:  ossuary_tomb_1

Skill      XL: |  1  2  3  4  5  6  7 |
---------------+----------------------+-----
Spellcasting   | 3 4 5 |  5.4
Fighting       | 1 2 3 |  3.2
Armour         | 1 2 |  2.6
Dodging        | |  2.9
Stealth        | |  1.5

Action                   |  1- 3 |  4- 6 |  7- 9 || total
-------------------------+-------+-------+-------++-------
Melee: Staff             |       |     1 |       ||     1
 Cast: Foxfire           |    67 |    86 |    88 ||   241
       Freeze            |       |     4 |       ||     4
Armor: Robe              |     4 |    12 |    22 ||    38
       Ring mail         |       |    10 |    14 ||    24
Dodge: Dodged            |    15 |    53 |    70 ||   138

Table legend: (Time is in decaauts)
 A = Elapsed time spent in this place.
 B = Non-inter-level travel time spent in this place.
 C = Inter-level travel time spent in this place.
 D = Time resting spent in this place.
 E = Time spent auto-exploring this place.
 F = Levels seen in this place.
 G = Mean time per level.
                   A        B        C        D        E       F      G
               +--------+--------+--------+--------+--------+-----+--------+
         Total |   6123 |   5879 |    244 |    512 |   4189 |   6 | 1020.5 |
       Dungeon |   5748 |   5504 |    244 |    440 |   4189 |   5 | 1149.6 |
       Ossuary |    374 |    374 |      0 |     72 |      0 |   1 |  374.0 |
               +--------+--------+--------+--------+--------+-----+--------+

Top non-repeatable levels by time:
     D:3: 1596 daAuts
     D:1: 1507 daAuts
     D:2: 1458 daAuts
     D:4: 1078 daAuts
 Ossuary: 374 daAuts
     D:5: 107 daAuts
